 Dungeon Crawl Stone Soup version 0.29.1-1-gd02db6906a (webtiles) character file.

Game seed: 12494873899287900423

284 Earthwalker the Ruffian (level 6, -1/54 HPs)
             Began as a Troll Fighter on Oct 4, 2022.
             Was a Believer of Hepliaklqana.
             Slain by a gnoll sergeant
             ... wielding a +0 vampiric spear
              (8 damage)
             ... on level 5 of the Dungeon.
             The game lasted 00:20:36 (1944 turns).

Earthwalker the Ruffian (Troll Fighter)             Turns: 1944, Time: 00:20:37

Health: -1/54      AC:  5    Str: 25    XL:     6   Next: 7%
Magic:  5/5        EV:  9    Int:  4    God:    Hepliaklqana [**....]
Gold:   188        SH:  8    Dex: 11    Spells: 5/5 levels left

rFire   . . .      SeeInvis .     - Unarmed
rCold   . . .      Faith    .   b - +0 kite shield
rNeg    . . .      Spirit   .   a - +0 robe
rPois   .          Reflect  .   (helmet restricted)
rElec   .          Harm     .   k - +0 cloak
rCorr   .          Rampage  .   (gloves unavailable)
Will    .....                   (boots unavailable)
Stlth   +.........              (no amulet)
HPRegen 0.98/turn               (no ring)
MPRegen 0.09/turn               (no ring)

@: no status effects
A: reduced essence, large, unfitting armour, claws 3, regeneration 1, shaggy fur
1, tough skin 1
a: Renounce Religion, Ancestor Life: Knight, Ancestor Life: Battlemage, Ancestor
Life: Hexer, Recall Ancestor, Ancestor Identity


You were on level 5 of the Dungeon.
You worshipped Hepliaklqana.
Hepliaklqana was pleased with you.
You visited 1 branch of the dungeon, and saw 5 of its levels.

You collected 188 gold pieces.

Inventory:

Missiles
 i - 27 stones (quivered)
 n - 3 poisoned darts
Armour
 a - a +0 robe (worn)
 b - a +0 kite shield (worn)
 e - a +0 ring mail
 g - a +0 scale mail
 k - a +0 cloak (worn)
 p - a +0 ring mail
Magical Staves
 h - a staff of death
Wands
 m - a wand of charming (12)
 r - a wand of flame (4)
Scrolls
 j - a scroll of vulnerability
 l - a scroll of blinking {unknown}
 o - 2 scrolls of identify
 q - a scroll of acquirement {unknown}
 u - a scroll of fear {unknown}
 w - a scroll of magic mapping {unknown}
Potions
 c - a potion of might
 d - 2 potions of haste {unknown}
 f - a potion of degeneration
 s - a potion of brilliance {unknown}
 t - a potion of attraction {unknown}
 v - a potion of curing {unknown}


   Skills:
 + Level 3.0 Fighting
 + Level 3.1 Dodging
 + Level 0.4 Stealth
 + Level 3.7 Shields
 + Level 4.5 Unarmed Combat


You had 5 spell levels left.
You didn't know any spells.
Your spell library contained the following spells:

 Spells                   Type           Power      Damage    Failure   Level
 Ignite Poison            Fire/Tmut/Pois 0%         N/A       99%         3
 Mephitic Cloud           Conj/Pois/Air  0%         N/A       99%         3
 Freezing Cloud           Conj/Ice/Air   0%         6-21      100%        5


Dungeon Overview and Level Annotations

Branches:
Dungeon (5/15)
 Temple: D:4-7

Altars:
Fedhas
Hepliaklqana
Nemelex Xobeh
Qazlal

Annotations:
D:4 Grinder


Innate Abilities, Weirdness & Mutations

Your life essence is reduced to manifest your ancestor. (-10% HP)
You are too large for most types of armour.
You have claws for hands.
Your natural rate of healing is unusually fast.
You are covered in fur. (AC +1)
You have tough skin. (AC +1)


Message History

The gnoll hits you from afar with a +0 spear!
You block the gnoll sergeant's attack. The gnoll sergeant blocks your attack.
You block the gnoll sergeant's attack.
The gnoll hits you from afar with a +0 spear.
You scratch the gnoll sergeant.
The gnoll sergeant is lightly wounded.
The gnoll hits you but does no damage.
The gnoll sergeant hits you with a +0 vampiric spear.
The gnoll sergeant blocks your attack.
The gnoll sergeant is lightly wounded.
The gnoll hits you from afar with a +0 spear.
You block the gnoll sergeant's attack.
You barely miss the gnoll sergeant.
The gnoll sergeant is lightly wounded.
The gnoll barely misses you. You block the gnoll sergeant's attack.
You claw the gnoll sergeant!
The gnoll sergeant is heavily wounded.
Stanko emerges from the mists of memory!
The gnoll hits you from afar with a +0 spear.
You block the gnoll sergeant's attack.
You scratch the gnoll sergeant.
The gnoll sergeant is severely wounded.
The gnoll sergeant hits you with a +0 vampiric spear!
* * * LOW HITPOINT WARNING * * *
The gnoll sergeant draws strength from your wounds!
The gnoll hits you from afar with a +0 spear.
* * * LOW HITPOINT WARNING * * *
Stanko closely misses the gnoll.
Unknown command.
The gnoll sergeant blocks your attack.
The gnoll sergeant is heavily wounded.
You block the gnoll's attack.
The gnoll sergeant hits you with a +0 vampiric spear.
* * * LOW HITPOINT WARNING * * *
Stanko hits the gnoll but does no damage.
You scratch the gnoll sergeant.
The gnoll sergeant is heavily wounded.
The gnoll closely misses you.
The gnoll sergeant hits you with a +0 vampiric spear!
You die...

#g########.# #.# #.# ##.# #.#
#.# #... #R# #.####..## #g#
#........ #g# #.####..#
##g########.# #..#
#..........g####..###..#
###..########gg@..........
##....# #R#########..#
##.#..## ##.## ≈≈
.......######...#######≈#
........##.............≈######
..##....##.#.....######≈≈#.[.#
.####...##.#.###.######≈≈#...#
..##.........# #.......≈≈#...#
..##....####.###.####g.≈###)##


You could see the friendly Stanko the ancestor, a gnoll sergeant and 2 gnolls.

Vanquished Creatures
  A scorpion (D:5)
  A hound (D:5)
  Terence (D:3)
  Ijyb (D:2)
  4 adders
  3 gnolls (D:5)
  A worm (D:3)
  2 dart slugs
  7 orcs
  A bat (D:3)
  8 endoplasms
  3 giant cockroaches
  4 goblins
  2 hobgoblins (D:2)
  4 jackals (D:2)
  3 quokkas
  10 ball pythons
  2 kobolds
  3 rats
61 creatures vanquished.

Vanquished Creatures (collateral kills)
  A worm (D:5)
  An orc (D:4)
  A bat (D:2)
  A quokka (D:3)
  A ball python (D:2)
5 creatures vanquished.

Vanquished Creatures (others)
  3 ancestors
3 creatures vanquished.

Grand Total: 69 creatures vanquished

Notes
Turn   | Place    | Note
-------+----------+-------------------------------------------
     0 | D:1      | Earthwalker the Troll Fighter began the quest for the Orb.
     0 | D:1      | Reached XP level 1. HP: 22/22 MP: 0/0
   301 | D:1      | Reached XP level 2. HP: 29/29 MP: 1/1
   319 | D:1      | Found a faded altar of an unknown god.
   587 | D:1      | Prayed at the altar of an unknown god.
   587 | D:1      | Became a worshipper of Hepliaklqana the Forgotten
   587 | D:1      | Reached * piety under Hepliaklqana
   674 | D:2      | Reached XP level 3. HP: 31/32 MP: 2/2
  1129 | D:3      | Noticed Ijyb
  1142 | D:2      | Killed Ijyb
  1143 | D:2      | Reached XP level 4. HP: 25/39 MP: 3/3
  1157 | D:3      | Reached skill level 3 in Unarmed Combat
  1285 | D:3      | Found a sparkling altar of Nemelex Xobeh.
  1335 | D:3      | Found a blossoming altar of Fedhas.
  1344 | D:3      | Noticed Terence
  1352 | D:3      | Killed Terence
  1534 | D:3      | Found a stormy altar of Qazlal.
  1653 | D:4      | Reached XP level 5. HP: 42/46 MP: 4/4
  1694 | D:4      | Noticed a black bear
  1695 | D:4      | Noticed Grinder
  1697 | D:5      | Entered Level 5 of the Dungeon
  1729 | D:5      | Reached skill level 4 in Unarmed Combat
  1801 | D:5      | Reached ** piety under Hepliaklqana
  1856 | D:5      | Reached XP level 6. HP: 20/54 MP: 5/5
  1944 | D:5      | Slain by a gnoll sergeant

Illustrated notes

Levels and vault maps discovered:
D:1:      minmay_arrival_four_loops, layout_basic,
          hellmonk_ecumenical_altar_crossroads
D:2:      layout_rooms, minmay_ruptured
D:3:      layout_rooms, nemelex_dance_club_becter, overflow_temple_1_default,
          mainiacjoe_overflow_alcove_2, uniq_terence, uniq_ijyb
D:4:      layout_rooms, serial_corexii_hall, corexii_hall_statues_t,
          corexii_hall_statues_x, uniq_menkaure, uniq_sigmund, uniq_duvessa,
          uniq_grinder
D:5:      layout_loops_ring, nicolae_yredelemnul_corpse_copse, st_stairs_9,
          hangedman_decor_growths, lightli_minifort

Skill      XL: |  1  2  3  4  5 |
---------------+----------------+-----
Shields        | 3 |  3.7
Unarmed Combat | 3 4 |  4.5
Dodging        | 3 |  3.1
Fighting       | 3 |  3.0
Stealth        | |  0.4

Action                   |  1- 3 |  4- 6 || total
-------------------------+-------+-------++-------
Melee: Unarmed           |    66 |    94 ||   160
  Use: Scroll            |     3 |       ||     3
 Stab: Sleeping          |       |     1 ||     1
Armor: Robe              |    15 |    19 ||    34
Dodge: Dodged            |    19 |    35 ||    54
Block: Kite shield       |    17 |    27 ||    44
